 Dungeon Crawl Stone Soup version 0.18-a0-1692-g516f9e9 (webtiles) character file.

5334 4thArraOfDagon the Cleaver (level 10, -6/121 HPs)
             Began as a Hill Orc Berserker on Apr 5, 2016.
             Was a Believer of Trog.
             Mangled by a white ugly thing (22 damage)
             ... on level 10 of the Dungeon.
             The game lasted 00:08:15 (1844 turns).

4thArraOfDagon the Cleaver (Hill Orc Berserker)     Turns: 1844, Time: 00:08:16

Health: -6/121     AC: 14    Str: 29    XL:     10   Next: 64%
Magic:  14/14      EV: 11    Int:  7    God:    Trog [**....]
Gold:   379        SH:  4    Dex: 16    Spells: 0 memorised, 9 levels left

rFire  . . .     SeeInvis .     y - +0 war axe
rCold  . . .     Gourm    .     p - +0 scale mail
rNeg   . . .     Faith    .     (no shield)
rPois  .         Spirit   .     e - +0 helmet
rElec  .         Dismiss  .     v - +0 cloak
rCorr  .         Reflect  +     (no gloves)
SustAt .         Harm     .     q - +0 pair of boots
MR     .....                    t - +4 amulet of reflection
Stlth  ..........               B - +6 ring of dexterity
                                f - +2 ring of protection

@: berserking, very quick, not resistant to hostile enchantments, extremely
unstealthy
A: hooves 1, frail 1, screaming 1
a: Berserk, Trog's Hand, Burn Spellbooks, Renounce Religion


You were on level 10 of the Dungeon.
You worshipped Trog.
Trog was pleased with you.
You were not hungry.

You visited 1 branch of the dungeon, and saw 10 of its levels.

You collected 379 gold pieces.

Inventory:

Hand Weapons
 y - a +0 war axe (weapon)
Missiles
 b - a throwing net
 o - 3 javelins of penetration (quivered)
Armour
 e - a +0 helmet (worn)
 p - a +0 scale mail (worn)
 q - a +0 pair of boots (worn)
 u - a cursed +0 large shield
 v - a +0 cloak (worn)
Jewellery
 f - a +2 ring of protection (left hand)
 g - an uncursed ring of flight
 t - a +4 amulet of reflection (around neck)
 B - a +6 ring of dexterity (right hand)
Wands
 r - a wand of lightning (11/15)
 w - a wand of polymorph (21/24)
 x - a wand of acid (10/15)
 C - a wand of iceblast (5/15)
Scrolls
 h - 2 scrolls of fear
Potions
 j - a potion of berserk rage {unknown}
 l - a potion of might {unknown}
 m - a potion of cure mutation {unknown}
 n - a potion of agility {unknown}
 D - a potion of lignification {unknown}
Books
 d - a book of Frost

   Spells                             Type                      Level
   a - Freeze                         Ice                          1
   b - Throw Frost                    Conjuration/Ice              2
   c - Ozocubu's Armour               Charms/Ice                   3
   d - Throw Icicle                   Conjuration/Ice              4
   e - Summon Ice Beast               Ice/Summoning                4
   Trog disapproves of the use of such an item.
Comestibles
 a - 3 chunks of flesh
 c - 3 bread rations
 k - a slice of pizza


   Skills:
 + Level 9.2 Fighting
 * Level 13.1 Axes
 + Level 8.0 Armour
 - Level 1.5 Dodging
 + Level 6.4 Evocations


You had 9 spell levels left.
You didn't know any spells.

Dungeon Overview and Level Annotations

Branches:
Dungeon (10/15)
 Temple: D:4-7         Lair: D:8-11         Orc: D:9-12

Altars:
Qazlal


Innate Abilities, Weirdness & Mutations

You have large cloven feet.
You are frail (-10% HP).
You occasionally shout uncontrollably at your foes.


Message History

The white ugly thing is moderately wounded.
Unknown command.
You slice the white ugly thing!!
The white ugly thing is heavily wounded.
The white ugly thing pecks you but does no damage.
Unknown command.
Unknown command.
You barely miss the white ugly thing.
The white ugly thing is heavily wounded.
The white ugly thing pecks you but does no damage.
Unknown command.
You slice the white ugly thing!!
The white ugly thing is severely wounded.
Unknown command.
You slash the white ugly thing!
The white ugly thing is almost dead.
The white ugly thing pecks you.
* * * LOW HITPOINT WARNING * * *
The white ugly thing freezes you!!
You die...

#....# ##....#
####.#####.....
#.##.##.##.....
#........+.(...
#.##.##.##....÷
########†#####.####
#[..)##.).####.#
####.#####.##.####
#.##@##.##.##.#
#...uC........# #
#.##.##.##.##)####
#.##.#####.#####.#
###...# #....# #.#
##)## ########.#
#.# ##..# ...
####...## #.#
#..<(...###


You could see a white ugly thing and a hill giant.

Vanquished Creatures
  A tengu warrior (D:10)
  The ghost of 4thArraOfDagon the Cleaver, a novice HOBe of Trog (D:9)
  3 hill giants (D:10)
  A wolf spider (D:10)
  Maurice (D:9)
  A two-headed ogre (D:8)
  2 shadows (D:10)
  5 yaks (D:10)
  A soldier ant (D:10)
  A sky beast (D:9)
  A phantom (D:6)
  An ogre (D:10)
  2 giant frogs
  A wyvern skeleton (D:10)
  A scorpion (D:9)
  A wight (D:10)
  A centaur zombie (D:10)
  A hound (D:9)
  A jelly (D:5)
  A giant frog skeleton (D:9)
  An orc wizard (D:10)
  An iguana (D:9)
  3 worker ants
  An ooze (D:2)
  A worm (D:4)
  A giant gecko (D:2)
  13 orcs
  2 ball pythons
  A giant cockroach (D:6)
  A goblin (D:3)
  A hobgoblin (D:2)
  2 jackals (D:7)
  A bat (D:2)
  A giant newt (D:3)
  A quokka zombie (D:7)
  3 rats
62 creatures vanquished.

Notes
Turn   | Place    | Note
--------------------------------------------------------------
     0 | D:1      | 4thArraOfDagon the Hill Orc Berserker began the quest for the Orb.
     0 | D:1      | Reached XP level 1. HP: 19/19 MP: 1/1
   160 | D:2      | Reached XP level 2. HP: 26/27 MP: 2/2
   350 | D:4      | Reached XP level 3. HP: 33/33 MP: 3/3
   428 | D:5      | Entered Level 5 of the Dungeon
   489 | D:6      | Noticed a phantom
   500 | D:6      | Reached skill level 5 in Axes
   510 | D:6      | Killed a phantom
   510 | D:6      | Reached skill level 6 in Axes
   510 | D:6      | Reached XP level 4. HP: 37/41 MP: 4/4
   510 | D:6      | Reached XP level 5. HP: 42/47 MP: 5/5
   797 | D:7      | Reached ** piety under Trog
   800 | D:7      | Reached skill level 1 in Evocations
   800 | D:7      | Reached XP level 6. HP: 55/55 MP: 6/6
   937 | D:7      | You fall through a shaft for 2 floors!
   940 | D:9      | Noticed a sky beast
   954 | D:9      | Killed a sky beast
   954 | D:9      | Reached skill level 5 in Fighting
   954 | D:9      | Reached skill level 7 in Axes
   960 | D:9      | Gained mutation: You have large cloven feet. [mutagenic meat]
   964 | D:9      | Gained mutation: You occasionally shout uncontrollably at your foes. [mutagenic meat]
   965 | D:9      | Gained mutation: You are frail (-10% HP). [mutagenic meat]
  1076 | D:10     | Entered Level 10 of the Dungeon
  1081 | D:10     | Reached XP level 7. HP: 54/54 MP: 8/8
  1121 | D:10     | Found a stormy altar of Qazlal.
  1129 | D:10     | Noticed a soldier ant
  1138 | D:10     | Killed a soldier ant
  1138 | D:10     | Reached skill level 8 in Axes
  1156 | D:10     | Noticed a hill giant
  1156 | D:10     | Noticed a yak
  1195 | D:10     | Killed a hill giant
  1195 | D:10     | Reached skill level 9 in Axes
  1195 | D:10     | Reached skill level 5 in Armour
  1195 | D:10     | Reached XP level 8. HP: 50/63 MP: 8/10
  1200 | D:10     | Killed a yak
  1266 | D:10     | Noticed a shadow
  1267 | D:10     | Noticed a six-headed hydra
  1283 | D:10     | Noticed a hill giant
  1321 | D:10     | Noticed a yak
  1321 | D:10     | Noticed a yak
  1321 | D:10     | Noticed a yak
  1322 | D:10     | Noticed a yak
  1328 | D:10     | Killed a yak
  1329 | D:10     | Killed a yak
  1329 | D:10     | Reached skill level 10 in Axes
  1331 | D:10     | Killed a yak
  1331 | D:10     | Reached XP level 9. HP: 62/71 MP: 10/12
  1361 | D:9      | Noticed 4thArraOfDagon's ghost (novice HOBe)
  1369 | D:9      | Noticed Maurice
  1392 | D:9      | Killed Maurice
  1392 | D:9      | Reached skill level 11 in Axes
  1401 | D:9      | Killed 4thArraOfDagon's ghost
  1401 | D:9      | Reached skill level 5 in Evocations
  1439 | D:8      | Noticed a two-headed ogre
  1444 | D:8      | Killed a two-headed ogre
  1532 | D:10     | Killed a hill giant
  1532 | D:10     | Reached skill level 12 in Axes
  1532 | D:10     | Reached XP level 10. HP: 80/80 MP: 12/14
  1639 | D:10     | Noticed a tengu warrior
  1666 | D:10     | Killed a tengu warrior
  1746 | D:10     | Noticed a wolf spider
  1747 | D:10     | Noticed a hill giant
  1752 | D:10     | Killed a wolf spider
  1756 | D:10     | Killed a hill giant
  1756 | D:10     | Reached skill level 13 in Axes
  1803 | D:10     | Noticed a white ugly thing
  1835 | D:10     | Noticed a hill giant
  1844 | D:10     | Mangled by a white ugly thing

Vault maps used:
D:1:      dpeg_arrival_simpleton_b
D:2:      nemelex_dance_club_becter
D:4:      lemuel_upstairs_altar
D:5:      lemuel_doored_altar, first_bread, lemuel_old_faithful, uniq_pikel
D:6:      temple_statues, kennysheep_generic_room_15
D:9:      lemuel_coloured_pillars_altar, uniq_maurice
D:10:     hangedman_cross_veins, hiddenorc1_lemuel, the_bakery,
          nrook_mini_vaults, grunt_qazlal_clouds

Skill      XL: |  1  2  3  4  5  6  7  8  9 10 |
---------------+-------------------------------+-----
Fighting       | 4 5 6 7 8 9 |  9.2
Axes           | 6 7 9 10 12 13 | 13.1
Armour         | 3 4 5 7 8 |  8.0
Evocations     | 1 3 4 5 6 |  6.4
Dodging        | |  1.5

Action                   |  1- 3 |  4- 6 |  7- 9 | 10-12 || total
-------------------------+-------+-------+-------+-------++-------
Melee: Hand axe          |    82 |    21 |       |       ||   103
       War axe           |       |    22 |    69 |    49 ||   140
Invok: Berserk           |     2 |     4 |     5 |     4 ||    15
       Trog's Hand       |       |       |     2 |     3 ||     5
Evoke: Wand              |       |       |       |     5 ||     5
  Use: Scroll            |     1 |       |     1 |     5 ||     7
  Eat: Chunk             |       |     7 |     4 |     3 ||    14
       Meat ration       |       |     1 |       |       ||     1
       Pizza             |       |       |       |     1 ||     1
       Beef jerky        |       |       |       |     1 ||     1
